 Dungeon Crawl Stone Soup version 0.24.1 (webtiles) character file.

Game seed: 2070060581246353898, levelgen mode: deterministic

127 MajorAdolf the Chopper (level 5, -12/67 HPs)
             Began as a Naga Wanderer on Mar 28, 2020.
             Mangled by an orc warrior
             ... wielding a +0 trident
              (21 damage)
             ... on level 6 of the Dungeon.
             The game lasted 00:07:34 (2990 turns).

MajorAdolf the Chopper (Naga Wanderer)              Turns: 2990, Time: 00:07:35

Health: -12/67     AC:  2    Str: 19    XL:     5   Next: 11%
Magic:  5/5        EV:  8    Int: 15    God:
Gold:   88         SH:  2    Dex:  5    Spells: 3/4 levels left

rFire    . . .     SeeInvis +   b - +2 whip (pain)
rCold    . . .     Gourm    .   p - +0 buckler
rNeg     . . .     Faith    .   c - +0 robe
rPois    +         Spirit   .   (helmet restricted)
rElec    .         Reflect  .   (no cloak)
rCorr    .         Harm     .   (no gloves)
MR       +....                  (no barding)
Stlth    ..........             g - amulet of regeneration
HPRegen  0.61/turn              l - ring of attention (curse)
MPRegen  0.09/turn              (no ring)

@: berserking (expiring), quick
A: large, horns 1, see invisible, clumsy 1, deformed body, magic resistance 1,
poison resistance, slowness 2, slow metabolism 1, spit poison 1, weak 1, AC +1
a: Spit Poison


You were on level 6 of the Dungeon.
You were not hungry.

You visited 1 branch of the dungeon, and saw 5 of its levels.

You collected 88 gold pieces.

Inventory:

Hand Weapons
 a - a +0 hand axe
 b - a +2 whip of pain (weapon)
Armour
 c - a +0 robe (worn)
 e - a +1 helmet
 p - a +0 buckler (worn)
Jewellery
 g - an amulet of regeneration (around neck)
 l - a cursed ring of attention (left hand)
Wands
 k - a wand of digging (9)
Scrolls
 h - 5 scrolls of identify
Potions
 j - a potion of agility {unknown}
 m - 4 potions of curing {unknown}
 n - a potion of ambrosia {unknown}
Comestibles
 d - 6 rations
 q - a chunk of flesh


   Skills:
 - Level 2.0 Fighting
 + Level 5.1 Axes
 - Level 1.0 Armour
 - Level 1.5 Stealth
   Level 1.0 Charms
 - Level 2.0 Fire Magic
 - Level 1.0 Evocations


You had 3 spell levels left.
You knew the following spells:

 Your Spells              Type           Power        Failure   Level  Hunger
a - Flame Tongue          Conj/Fire      #....        30%         1    ##.....

Your spell library contained the following spells:

 Spells                   Type           Power        Failure   Level  Hunger
 Throw Flame              Conj/Fire      #.....       41%         2    ###....
 Conjure Flame            Conj/Fire      #.......     65%         3    ####...
 Inner Flame              Hex/Fire       #.......     65%         3    ####...
 Sticky Flame             Conj/Fire      #.......     96%         4    #####..
 Fireball                 Conj/Fire      #.........   100%        5    ######.


Dungeon Overview and Level Annotations

Branches:
Dungeon (4/15)
 Temple: D:4-7

Altars:
Qazlal
The Shining One

Annotations:
D:3 exclusion: orc


Innate Abilities, Weirdness & Mutations

You cannot wear boots.
Your serpentine skin is tough. (AC +1)
You have supernaturally acute eyesight. (SInv)
Armour fits poorly on your strangely shaped body.
Your system is resistant to poisons. (rPois)
You cover ground very slowly.
You have a slow metabolism.
You can spit poison.
You have a pair of small horns on your head.
You are clumsy. (Dex -2)
You are resistant to hostile enchantments. (MR+)
You are weak. (Str -2)


Message History

You hit the orc warrior.
The orc warrior is lightly wounded.
The orc wizard mumbles some strange words.
The orc wizard blinks!
The orc warrior hits you with a +0 trident!
You closely miss the orc warrior.
The orc warrior is lightly wounded.
You barely miss the orc warrior. Your headbutt misses the orc warrior.
The orc warrior is lightly wounded.
The orc warrior hits you with a +0 trident!
* * * LOW HITPOINT WARNING * * *
The orc hits you with a +0 falchion.
* * * LOW HITPOINT WARNING * * *
You closely miss the orc warrior. Your headbutt misses the orc warrior.
The orc warrior is lightly wounded.
The orc hits you but does no damage.
You whack the orc warrior!
The orc warrior is moderately wounded.
The orc warrior hits you with a +0 trident!!
You die...

### ######.##
#.##.#..##
###..#.....# .##
#..........#
...###@o.....###
......##oo.#..##
........o....##
.........o....#
..#...##.....##
.)....8....###
..........#
.....8.8..# .
####.....##..


You could see an orc warrior, an orc wizard and 3 orcs.

Vanquished Creatures
  Robin (D:3)
  3 adders (D:3)
  An adder skeleton (D:4)
  3 worms
  A dart slug (D:2)
  3 orcs
  3 giant cockroaches
  14 goblins
  10 hobgoblins
  4 jackals (D:1)
  2 quokkas (D:3)
  6 bats
  5 frilled lizards
  7 kobolds
  A quokka zombie (D:2)
  10 rats
74 creatures vanquished.

Notes
Turn   | Place    | Note
-------+----------+-------------------------------------------
     0 | D:1      | MajorAdolf the Naga Wanderer began the quest for the Orb.
     0 | D:1      | MajorAdolf set off with the following items: a +0 hand axe,
                  | a +0 robe, a ration; and the following spell memorised:
                  | Flame Tongue; and the following spells available to
                  | memorise: Throw Flame, Conjure Flame, Inner Flame, Sticky
                  | Flame, Fireball
     0 | D:1      | Reached XP level 1. HP: 19/19 MP: 1/1
     0 | D:1      | Noticed a minotaur zombie
    16 | D:1      | Noticed a minotaur zombie
    16 | D:1      | Noticed a merfolk zombie
   770 | D:1      | Reached XP level 2. HP: 23/26 MP: 2/2
   818 | D:1      | You fall into a shaft and drop 1 floor!
   818 | D:2      | Found a stormy altar of Qazlal.
   927 | D:4      | Reached skill level 3 in Axes
   968 | D:3      | Reached XP level 3. HP: 27/32 MP: 3/3
   987 | D:3      | Noticed Robin
   996 | D:3      | Killed Robin
  1213 | D:3      | Found a glowing golden altar of the Shining One.
  1360 | D:3      | Reached skill level 4 in Axes
  1653 | D:1      | Reached XP level 4. HP: 39/39 MP: 4/4
  2896 | D:3      | Reached skill level 5 in Axes
  2896 | D:3      | Reached XP level 5. HP: 40/45 MP: 5/5
  2948 | D:3      | You fall into a shaft and drop 3 floors!
  2974 | D:6      | Noticed an orc warrior
  2983 | D:6      | Gained mutation: You are resistant to hostile enchantments.
                  | (MR+) [potion of mutation]
  2983 | D:6      | Gained mutation: You are weak. (Str -2) [potion of
                  | mutation]
  2983 | D:6      | Gained mutation: You are clumsy. (Dex -2) [potion of
                  | mutation]
  2983 | D:6      | Gained mutation: You have a pair of small horns on your
                  | head. [potion of mutation]
  2990 | D:6      | Mangled by an orc warrior

Levels and vault maps discovered:
D:1:      shiori_arrival_whats_in_store_for_you, layout_loops_corners
D:2:      layout_loops_cross, nicolae_overflow_hidden_temple
D:3:      minmay_recursive_quarters, layout_loops_corners,
          nicolae_overflow_crystal_walls, chequers_serial_rivers_small_a,
          uniq_robin
D:4:      layout_rooms
D:6:      wander_guarded_unrand_ratskin, layout_cave_pools,
          gammafunk_temple_overflow_elements, minmay_temple_entry_sparse_star,
          serial_shops, shop, serial_column_ruins, column_ruins_hut,
          column_ruins_hut_pillars, column_ruins_columns_dead_end,
          column_ruins_open_tiny, column_ruins_grid_2, column_ruins_open_tiny,
          column_ruins_columns_T, uniq_grinder, uniq_blork_the_orc

Skill      XL: |  1  2  3  4 |
---------------+-------------+-----
Axes           | 3 4 5 |  5.1
Fighting       | |  2.0
Armour         | |  1.0
Stealth        | |  1.5
Charms         | |  1.0
Fire Magic     | |  2.0
Evocations     | |  1.0

Action                   |  1- 3 |  4- 6 || total
-------------------------+-------+-------++-------
Melee: Hand axe          |    51 |       ||    51
       Whip              |    28 |   162 ||   190
 Abil: Spit Poison       |     6 |     4 ||    10
  Use: Scroll            |     4 |     1 ||     5
       Potion            |     1 |     2 ||     3
  Eat: Chunk             |     2 |     4 ||     6
Armor: Robe              |     9 |    57 ||    66
Dodge: Dodged            |    36 |    76 ||   112
Block: Buckler           |       |     2 ||     2
